Workbook

Sheet Cost Calculator
E1: Cost Calculator - Fly / Drive / Stay
C5: How to Use this Calculator | E5: Your Holiday Information
C7: Fill in all the green cells only: - Some will present you with a 'pick list' for you to choose from - Some need you to type a number The light grey and blue cells will calculate by themselves. The dark grey cells aren't relevant and can be ignored. | F7: Distance by Road to Geelong Ferry Terminal (km) | G7: 500
F8: Total Days in Tasmania (incl. part days) | G8: 14
F10: Total night in Tasmania | G10: 13 | H10: Adjusting these fields will result in prices changing in the table below
F11: If you were to camp… How many nights free-camping? | G11: 6
F12: If you were to camp… How many nights in a caravan park? | G12: 7
F14: Holiday Season | G14: High | H14: High = Dec-Mar or Holidays | Low = Apr-Nov
F15: Accommodation Style for Hotels/B&Bs | G15: Average
F16: Total Driving Distance (km) | G16: 2000
F17: Price of Vehicle Fuel ($) | G17: 2.5
E20: Fly to TAS Rent a Car Stay in Hotels / B&Bs | F20: Fly to TAS Rent a Van or Motorhome Camping Accommodation | G20: Sail on Ferry BYO Car Stay in Hotels / B&Bs | H20: Sail on Ferry BYO Van/Motorhome/Caravan Camping Accommodation
B21: Select your own vehicle | G21: Medium | H21: 4WD + Caravan
B22: Select your rental vehicle | E22: Medium | F22: Campervan
B24: Transport from Home to Airport (cost of petrol, taxi/Uber, or train) | E24: 50 | F24: 50
B25: Airport Parking (if not taking a taxi/Uber/train) | E25: 0 | F25: 0
B26: Flights to Tasmania (return) | E26: 450 | F26: 450
B27: Vehicle Rental | E27: =G8*IF(G14="High",VLOOKUP(E22,'Data for Calculations'!P13:R16,2,0),(VLOOKUP(E22,'Data for Calculations'!P13:R16,3,0))) -> 1290 | F27: =G8*IF(G14="High",VLOOKUP(F22,'Data for Calculations'!P13:R20,2,0),(VLOOKUP(F22,'Data for Calculations'!P13:R20,3,0))) -> 4102
B28: Transport from Airport back Home | E28: =E24 -> 50 | F28: =F24 -> 50
B29: Fuel to drive to Geelong Ferry Terminal | G29: =$G$7/100*$G$17*IF(G21="Small",'Data for Calculations'!$S$14,IF(G21="Medium",'Data for Calculations'!$S$15,IF(G21="Large",'Data for Calculations'!$S$16))) -> 87.5 | H29: =$G$7/100*$G$17*IF(H21="Campervan",'Data for Calculations'!$S$17,IF(H21="Motorhome",'Data for Calculations'!$S$18,IF(H21="4WD + Caravan",'Data for Calculations'!$S$20))) -> 275
B30: Ferry tickets (return) | G30: =IF($G$14="Low",'Data for Calculations'!$R$27,'Data for Calculations'!Q27) -> 1500 | H30: =IF($G$14="Low",IF($H$21="Campervan",'Data for Calculations'!$R$28,IF($H$21="Motorhome",'Data for Calculations'!$R$29,'Data for Calculations'!$R$30)),IF($G$14="High",IF($H$21="Campervan",'Data for Calculations'!$Q$28,IF($H$21="Motorhome",'Data for Calculations'!$Q$29,IF($H$21="4WD + Caravan",'Data for Calculations'!$Q$30))))) -> 2700
B31: Fuel to drive home from Geelong Ferry Terminal | G31: =G29 -> 87.5 | H31: =H29 -> 275
B32: Fuel | E32: =$G$17*$G$16/100*IF($E$22="Small",'Data for Calculations'!$S$14,IF($E$22="Medium",'Data for Calculations'!$S$15,'Data for Calculations'!$S$16)) -> 350 | F32: =$G$17*$G$16/100*IF($F$22="Campervan",'Data for Calculations'!$S$17,'Data for Calculations'!$S$18) -> 550 | G32: =$G$17*$G$16/100*IF($G$21="Small",'Data for Calculations'!$S$14,IF($G$21="Medium",'Data for Calculations'!$S$15,'Data for Calculations'!$S$16)) -> 350 | H32: =$G$16/100*$G$17*IF($H$21="Campervan",'Data for Calculations'!$S$17,IF($H$21="Motorhome",'Data for Calculations'!$S$18,IF($H$21="4WD + Caravan",'Data for Calculations'!$S$20))) -> 1100
B33: Accommodation | E33: =$G$10*IF($G$15="Budget",'Data for Calculations'!$R$6,IF($G$15="Average",'Data for Calculations'!$R$7,'Data for Calculations'!$R$8)) -> 2990 | F33: =IF($G$14="Low",$G$12*'Data for Calculations'!$R$10,$G$12*'Data for Calculations'!$Q$10) -> 490 | G33: =$G$10*IF($G$15="Budget",'Data for Calculations'!$R$6,IF($G$15="Average",'Data for Calculations'!$R$7,'Data for Calculations'!$R$8)) -> 2990 | H33: =IF($G$14="Low",$G$12*'Data for Calculations'!$R$10,$G$12*'Data for Calculations'!$Q$10) -> 490
B34: Total Cost | E34: =SUM(E24:E33) -> 5180 | F34: =SUM(F24:F33) -> 5692 | G34: =SUM(G24:G33) -> 5015 | H34: =SUM(H24:H33) -> 4840
C37: Handy Travel Planning Information
C39: Free Itineraries
C40: Discount Codes
C41: Car Rental Guide
C42: Campervan Rental Guide
C43: Motorhome Rental Guide
C44: Accommodation Guides

Sheet Data for Calculations
B1: The value in this sheet are what the calculator on the main tab is using (research October 2026). You can adjust these numbers if you feel they aren't quite right for your circumstances.
N2: Final Numbers Used in the Calculator
B4: Season | D4: Hotel/B&B Style | F4: Your Own vehicle (no camping) | H4: Your own vehicle (camping) | J4: Your rental vehicle (no camping) | L4: Your rental vehicle (camping)
B5: High | D5: Budget | F5: Small | H5: Campervan | J5: Small | L5: Campervan | Q5: High | R5: Low
B6: Low | D6: Average | F6: Medium | H6: Motorhome | J6: Medium | L6: Motorhome | N6: Accommodation (per night) | O6: Hotel/B&B | P6: Budget | Q6: 160 | R6: 160
D7: Expensive | F7: Large | H7: 4WD + Caravan | J7: Large | P7: Average | Q7: 230 | R7: 230
P8: Expensive | Q8: 300 | R8: 300
O9: Free Camp | Q9: 0 | R9: 0
O10: Caravan Park | Q10: 70 | R10: 50
P11: CP is for powered site
U12: Jan | V12: Jul
Q13: High | R13: Low | S13: Fuel Consumption (L/100km) | U13: LeisureRent / Cruisin
O14: Vehicle rental and fuel consumption | P14: Small | Q14: =U14/7 -> 82.428571 | R14: =V14/7 -> 23.857143 | S14: 6 | U14: 577 | V14: 167
P15: Medium | Q15: =U15/7 -> 92.142857 | R15: =V15/7 -> 31.428571 | S15: 7 | U15: 645 | V15: 220
P16: Large | Q16: =U16/7 -> 103 | R16: =V16/7 -> 50.857143 | S16: 8 | U16: 721 | V16: 356
P17: Campervan | Q17: =U17/7 -> 293 | R17: =V17/7 -> 159.28571 | S17: 11 | U17: 2051 | V17: 1115
P18: Motorhome | Q18: =U18/7 -> 372.14286 | R18: =V18/7 -> 325.28571 | S18: 15 | U18: 2605 | V18: 2277
P19: 4WD | S19: 17
P20: 4WD + Caravan | S20: 22 | U20: 10-17 January 2027
O21: Campervan is 2-berth (no shower or toilet) | U21: 10-17 July 2026
O22: Motorhome is 4-berth with toilet/shower | U22: No LAPOFTAS discount applied
O23: Vehicle booked 3 months ahead.
Q25: High | R25: Low
O26: Flights | P26: Per person (return) | Q26: 250 | R26: 200
O27: Ferry (return) | P27: Car | Q27: 1500 | R27: 650
P28: Campervan | Q28: 1900 | R28: 1000
P29: Motorhome | Q29: 1900 | R29: 1000
P30: 4WD + Caravan | Q30: 2700 | R30: 1800
O31: Ferry Assumptions
O32: - 2 adults
O33: - Car = Hyundai i30
O34: - 4WD = Nissan Patrol
O35: - Campervan / Motorhome are 8m long
